 Dungeon Crawl Stone Soup version 0.28.0-47-ge53b351184 (webtiles) character file.

Game seed: 11235575245832923794

79 CryoSword the Grave Robber (level 4, 0/41 HPs)
             Began as a Troll Necromancer on May 3, 2022.
             Slain by an ogre
             ... wielding a +0 giant spiked club
              (32 damage)
             ... on level 2 of the Dungeon.
             The game lasted 00:01:38 (965 turns).

CryoSword the Grave Robber (Troll Necromancer)       Turns: 965, Time: 00:01:39

Health: 0/41       AC:  4    Str: 16    XL:     4   Next: 16%
Magic:  3/4        EV:  9    Int: 13    God:
Gold:   0          SH:  0    Dex: 10    Spells: 1/5 levels left

rFire   . . .      SeeInvis .     - Unarmed
rCold   . . .      Faith    .   (no shield)
rNeg    . . .      Spirit   .   a - +0 robe
rPois   .          Reflect  .   (helmet restricted)
rElec   .          Harm     .   (no cloak)
rCorr   .          Rampage  .   (gloves unavailable)
Will    .....                   (boots unavailable)
Stlth   +.........              (no amulet)
HPRegen 0.93/turn               (no ring)
MPRegen 0.09/turn               (no ring)

@: no status effects
A: large, unfitting armour, claws 3, regeneration 1, shaggy fur 1, tough skin 1
a: no special abilities


You were on level 2 of the Dungeon.
You visited 1 branch of the dungeon, and saw 2 of its levels.

Inventory:

Missiles
 i - 4 boomerangs
Armour
 a - a +0 robe (worn)
 f - a scarf of shadows
   (You found it on level 1 of the Dungeon)
Scrolls
 c - a scroll of teleportation {unknown}
 d - 2 scrolls of enchant weapon {unknown}
 j - a scroll of identify {unknown}
Potions
 b - a potion of invisibility {unknown}
 e - a potion of might {unknown}
 g - a potion of degeneration {unknown}
 h - a potion of brilliance {unknown}


   Skills:
 + Level 1.5 Fighting
 - Level 1.5 Dodging
 - Level 1.0 Stealth
 * Level 3.1 Unarmed Combat
 - Level 1.2 Spellcasting
 - Level 3.2 Necromancy


You had one spell level left.
You knew the following spells:

 Your Spells              Type           Power      Damage    Failure   Level
a - Pain                  Necr           36%        1d5       8%          1
S - Sublimation of Blood  Necr           9%         N/A       11%         2
Z - Animate Skeleton      Necr           18%        N/A       8%          1

Your spell library contained the following spells:

 Spells                   Type           Power      Damage    Failure   Level
 Vampiric Draining        Necr           9%         2d6       22%         3
 Wereblood                Tmut           0%         N/A       38%         2
 Animate Dead             Necr           4%         N/A       58%         4
 Agony                    Necr           9%         N/A       90%         5
 Summon Hydra             Summ           0%         N/A       100%        7


Dungeon Overview and Level Annotations

Branches:
Dungeon (2/15)

Altars:


Innate Abilities, Weirdness & Mutations

You are too large for most types of armour.
You have claws for hands.
Your natural rate of healing is unusually fast.
You are covered in fur. (AC +1)
You have tough skin. (AC +1)


Message History

A rat comes into view.
Found a book of Blood.
A rat is nearby!
A rat is nearby!
Found a coppery potion.
The rat bites you but does no damage.
You closely miss the rat. The rat bites you.
You barely miss the rat. The rat bites you.
You scratch the rat.
You kill the rat!
No target in view!
A bat comes into view.
A bat is nearby!
A bat is nearby!
A bat is nearby!
The helpless bat fails to defend itself.
You scratch the bat. The bat barely misses you.
The bat hits you but does no damage. The bat barely misses you. x2
You barely miss the bat. The bat barely misses you. The bat hits you.
The bat closely misses you.
You scratch the bat. The bat hits you but does no damage.
The bat completely misses you. The bat hits you but does no damage.
You barely miss the bat. The bat hits you but does no damage.
You claw the bat!
You kill the bat!
No target in view!
No target in view!
No target in view!
No target in view!
No target in view!
h - a coppery potion An adder comes into view.
An adder is nearby!
The adder hisses angrily.
You completely miss the adder. The adder barely misses you.
The adder bites you.
You barely miss the adder. The adder bites you but does no damage.
You claw the adder! The adder bites you but does no damage.
You closely miss the adder. The adder closely misses you. x2
You completely miss the adder. The adder bites you but does no damage.
You claw the adder!
You kill the adder!
Your Fighting skill increases to level 1!
Your Unarmed Combat skill increases to level 2!
You have reached level 3!
Your experience leads to an increase in your attributes!
Increase (S)trength, (I)ntelligence, or (D)exterity?
You feel clever. x2; You feel stronger.
You pick up a book of Blood and begin reading...
You add the spells Sublimation of Blood, Wereblood and Summon Hydra to your library.
A bat comes into view.
A bat is nearby!
The bat hits you but does no damage.
You closely miss the bat. The bat hits you.
The bat hits you but does no damage. The bat hits you but does no damage.
Found a stone staircase leading down.
The bat barely misses you. The bat hits you but does no damage.
You claw the bat!
You kill the bat!
No target in view!
No target in view!
No target in view!
No target in view!
No target in view!
No target in view!
Memorise Animate Skeleton, consuming 1 spell level and leaving 2?
You start memorising the spell.
You continue memorising.
You finish memorising.
Spell assigned to 'Z'.
Memorise Sublimation of Blood, consuming 2 spell levels and leaving 0?
You start memorising the spell.
You continue memorising. x2
You finish memorising.
Spell assigned to 'S'.
Okay, then.
i - 4 boomerangs An iguana comes into view.
An iguana is nearby!
An iguana is nearby!
An adder comes into view.
The adder hisses angrily.
You scratch the iguana.
A hobgoblin comes into view.
The iguana bites you.
The hobgoblin shouts!
You claw the iguana! The iguana bites you!
You are too injured to fight recklessly!
The adder bites you.
You claw the adder! The adder bites you.
You scratch the adder.
You kill the adder!
You scratch the iguana.
You kill the iguana!
The hobgoblin barely misses you.
You barely miss the hobgoblin. The hobgoblin closely misses you.
You closely miss the hobgoblin.
The hobgoblin hits you but does no damage.
You claw the hobgoblin!
You kill the hobgoblin!
Your Unarmed Combat skill increases to level 3!
You have reached level 4!
A bat comes into view.
The bat moves out of view.
Found a stone staircase leading up.
Found 23 stones.
d - 2 scrolls labelled KEMEIV UTEJA (gained 1)
j - a scroll labelled QADDIKHIBB An adder comes into view.
The adder hisses angrily.
An adder is nearby!
Found a grey potion.
You miss the adder. The adder closely misses you.
You claw the adder! The adder bites you but does no damage.
You scratch the adder but do no damage. The bat hits you. The adder bites you.
You closely miss the adder. The adder bites you.
You are poisoned.
The adder poisons you! The bat hits you but does no damage.
You closely miss the adder.
You feel sick. The bat closely misses you. The adder bites you.
The adder barely misses you.
You scratch the adder.
You kill the adder!
You feel sick. The bat hits you but does no damage.
An ogre comes into view. It is wielding a +0 giant spiked club.
You feel sick.
The ogre shouts!
The bat barely misses you.
You see here 23 stones.
You closely miss the bat.
You feel sick. The bat closely misses you.
You feel sick.
You are no longer poisoned.
The bat barely misses you. The bat hits you but does no damage.
You scratch the bat.
You kill the bat!
You claw the ogre! x2; The ogre barely misses you.
You barely miss the ogre. You barely miss the ogre.
The ogre hits you with a +0 giant spiked club!!
Ouch! That really hurt!
* * * LOW HITPOINT WARNING * * *
You scratch the ogre.
The ogre hits you with a +0 giant spiked club!!
Ouch! That really hurt!
* * * LOW HITPOINT WARNING * * *
The ogre closely misses you.
Unknown command.
Aim: an ogre, wielding a +0 giant spiked club (heavily wounded, chance to affect: 61%)
The ogre resists with significant effort.
You scratch the ogre.
The ogre hits you with a +0 giant spiked club!!
Ouch! That really hurt!
You die...

##### ##### #######...# #...#
......†...# #...# ######...#
#...# #........# #...#
##.#####.###....########...##
...............O@..........>#
##.#####.#.###.##..........##
#.#.#<#.##..........#
#.#...#.##........###
#.#####.###..###### #.......#
#..# ###########..#
..##.......# ..#.###...#


You could see an ogre.

Vanquished Creatures
  An iguana (D:2)
  3 adders (D:2)
  3 ball pythons (D:1)
  An endoplasm (D:1)
  A goblin (D:1)
  3 hobgoblins
  2 jackals (D:1)
  4 kobolds (D:1)
  A quokka (D:1)
  4 bats
  4 rats
27 creatures vanquished.

Notes
Turn   | Place    | Note
-------+----------+-------------------------------------------
     0 | D:1      | CryoSword the Troll Necromancer began the quest for the
                  | Orb.
     0 | D:1      | Reached XP level 1. HP: 16/16 MP: 1/1
   122 | D:1      | Reached skill level 1 in Unarmed Combat
   222 | D:1      | Reached XP level 2. HP: 23/26 MP: 2/2
   342 | D:1      | Found a faded altar of an unknown god.
   806 | D:2      | Reached skill level 1 in Fighting
   806 | D:2      | Reached XP level 3. HP: 33/33 MP: 3/3
   823 | D:2      | Learned a level 1 spell: Animate Skeleton
   826 | D:2      | Learned a level 2 spell: Sublimation of Blood
   865 | D:2      | Reached XP level 4. HP: 36/41 MP: 4/4
   910 | D:2      | Noticed an ogre
   965 | D:2      | Slain by an ogre

Illustrated notes

Levels and vault maps discovered:
D:1:      dpeg_arrival_central, layout_basic,
          shapermc_ecumenical_altar_flowoftime
D:2:      layout_basic

Skill      XL: |  1  2  3 |
---------------+----------+-----
Unarmed Combat | 1 2 3 |  3.1
Fighting       | 1 |  1.5
Dodging        | |  1.5
Stealth        | |  1.0
Spellcasting   | |  1.2
Necromancy     | |  3.2

Action                   |  1- 3 |  4- 6 || total
-------------------------+-------+-------++-------
Melee: Unarmed           |    77 |    13 ||    90
       Punch             |     1 |     1 ||     2
 Cast: Pain              |       |     1 ||     1
 Stab: Sleeping          |     1 |       ||     1
Armor: Robe              |    29 |     4 ||    33
Dodge: Dodged            |    41 |     8 ||    49
